 Dungeon Crawl Stone Soup version 0.19-a0-1608-g4cf22de (webtiles) character file.

217 4thArraOfDagon the Slasher (level 5, -3/50 HPs)
             Began as a Naga Fighter on Sept 17, 2016.
             Was an Initiate of Cheibriados.
             Slain by a water moccasin zombie (6 damage)
             ... on level 5 of the Dungeon.
             The game lasted 00:07:58 (1342 turns).

4thArraOfDagon the Slasher (Naga Fighter)           Turns: 1342, Time: 00:07:59

Health: -3/50      AC: 10    Str: 19    XL:     5   Next: 94%
Magic:  5/5        EV:  5    Int: 10    God:    Cheibriados [......]
Gold:   176        SH:  3    Dex: 12    Spells: 1 memorised, 1 level left

rFire  + . .     SeeInvis +     a - +0 long sword
rCold  + . .     Gourm    .     q - +2 chain mail {rF+}
rNeg   . . .     Faith    .     (no shield)
rPois  +         Spirit   .     (no helmet)
rElec  .         Dismiss  .     (no cloak)
rCorr  .         Reflect  +     r - +0 pair of gloves
MR     .....     Harm     .     (no barding)
Stlth  ..........               k - +3 amulet of reflection
                                m - ring of protection from cold
                                i - ring of stealth

@: invisible, very slow
A: see invisible, deformed body, poison resistance, slowness 2, slow metabolism
1, spit poison 1, AC +1
a: Spit Poison, Bend Time, Renounce Religion


You were on level 5 of the Dungeon.
You worshipped Cheibriados.
Cheibriados was noncommittal.
You were hungry.

You visited 1 branch of the dungeon, and saw 8 of its levels.

You collected 176 gold pieces.

Inventory:

Hand Weapons
 a - a +0 long sword (weapon)
Armour
 b - a +0 scale mail
 c - a +0 shield
 j - a +0 scale mail
 q - a +2 chain mail of fire resistance (worn)
 r - a +0 pair of gloves (worn)
Jewellery
 i - a ring of stealth (left hand)
 k - a +3 amulet of reflection (around neck)
 m - a ring of protection from cold (right hand)
Wands
 g - a wand of flame (4/48)
 l - a wand of enslavement (0/24)
Scrolls
 w - a scroll of identify {unknown}
Potions
 d - a potion of might
 e - 2 potions of invisibility
 h - 2 potions of lignification {unknown}
 n - a potion of flight {unknown}
 p - a potion of resistance {unknown}
 t - a potion of heal wounds {unknown}
 u - a potion of cure mutation {unknown}
 v - a potion of degeneration {unknown}
 A - a potion of mutation {unknown}
Books
 s - a book of Battle

   Spells                             Type                      Level
   a - Infusion                       Charms                       1
   b - Shroud of Golubria             Charms/Translocation         2
   c - Song of Slaying                Charms                       2
   d - Spectral Weapon                Hexes/Charms                 3
   e - Regeneration                   Charms/Necromancy            3
Comestibles
 f - 2 bread rations
 o - 2 beef jerkies
 x - a royal jelly


   Skills:
 + Level 3.9 Fighting
 * Level 4.2 Long Blades
 - Level 3.3 Armour
 + Level 0.7 Dodging
 - Level 2.4 Shields
 + Level 0.7 Invocations


You had one spell level left.
You knew the following spells:

 Your Spells              Type           Power        Failure   Level  Hunger
a - Spectral Weapon       Hex/Chrm       #.......     100%        3    ####...


Dungeon Overview and Level Annotations

Branches:
Dungeon (8/15)
 Temple: D:4-7         Lair: D:8-11

Altars:
Cheibriados
Dithmenos
Elyvilon
Kikubaaqudgha
Uskayaw

Shops:
D:5 %

Annotations:
D:3 Sigmund


Innate Abilities, Weirdness & Mutations

You cannot wear boots.
Your serpentine skin is tough. (AC +1)
You have supernaturally acute eyesight. (SInv)
Armour fits poorly on your strangely shaped body.
Your system is resistant to poisons. (rPois)
You cover ground very slowly.
You have a slow metabolism.
You can spit poison.


Message History

Evoke which item? (* to show all) (? for menu, Esc to quit)
This wand has no charges.
Unknown command.
As you read the scroll labeled NELELY OMUESYZ, it crumbles to dust.
The scroll dissolves into smoke.
It was a scroll of fog.
The water moccasin zombie bites you.
* * * LOW HITPOINT WARNING * * *
Unknown command.
As you read the scroll of noise, it crumbles to dust.
You hear a loud clanging noise!
You hear an angry hiss. x3
The water moccasin zombie bites you.
* * * LOW HITPOINT WARNING * * *
Unknown command.
It was a potion of invisibility.
You fade into invisibility!
You are feeling hungry.
The water moccasin zombie bites you.
* * * LOW HITPOINT WARNING * * *
The water moccasin zombie bites you.
You die...

#......# *,*≈*∩*≈*≈*,* ##......#
*≈*≈***≈*≈*,* .[......#
*≈*≈≈≈≈**,*,* .....########
*≈*******,*,* ............#
**≈≈≈≈≈≈,**,* ............#
**********,* .......J....#
*,**,**,*
####........#############.**,,,,*
............'.§§@Z§......>**,****
............#†############**,*
.........####.# *,,,,,,,,*,*
##.........##.# *,******,*,***
#.........##.# *,* *,,,,,*
#.........##.#****,********,*,*
#.........##..,,,,,,,,,,,,,,*,*
#....<....##..,,,,,**#..#####,*
#.........#*,,,,,,,* #......*,*


You could see a water moccasin zombie.

Vanquished Creatures
  A crimson imp (D:5)
  A centaur skeleton (D:4)
  2 worker ants
  A killer bee zombie (D:5)
  3 adders
  2 worms
  A dart slug (D:2)
  4 leopard geckos
  7 orcs
  5 bats
  A giant cockroach (D:1)
  4 hobgoblins
  2 jackals (D:2)
  2 kobolds (D:3)
  6 quokkas
  2 ball pythons (D:2)
  A frilled lizard (D:2)
  A goblin (D:1)
  A leopard gecko zombie (D:7)
  A quokka skeleton (D:7)
  A rat (D:3)
49 creatures vanquished.

Notes
Turn   | Place    | Note
-------+----------+-------------------------------------------
     0 | D:1      | 4thArraOfDagon the Naga Fighter began the quest for the Orb.
     0 | D:1      | Reached XP level 1. HP: 21/21 MP: 1/1
    80 | D:2      | Reached XP level 2. HP: 15/28 MP: 2/2
   112 | D:2      | wazuzu: Damn phone doesn't want to keep screen lit in webtiles.
   131 | D:2      | wazuzu: good night nags knight
   153 | D:2      | wazuzu: *naga
   170 | D:3      | Reached XP level 3. HP: 18/34 MP: 3/3
   302 | D:4      | Reached skill level 3 in Long Blades
   342 | D:4      | Reached XP level 4. HP: 11/42 MP: 4/4
   491 | D:3      | Noticed Sigmund
   608 | D:3      | Found a white marble altar of Elyvilon.
   656 | D:5      | Entered Level 5 of the Dungeon
   702 | D:5      | Found Igemut's Food Shoppe.
   732 | D:5      | Reached XP level 5. HP: 37/49 MP: 5/5
   772 | D:5      | Found a shadowy altar of Dithmenos.
   831 | D:6      | Found an ancient bone altar of Kikubaaqudgha.
   890 | D:6      | Found a hide-covered altar of Uskayaw.
   997 | D:7      | Reached skill level 4 in Long Blades
  1037 | D:7      | Learned a level 3 spell: Spectral Weapon
  1103 | D:7      | Found a snail-covered altar of Cheibriados.
  1105 | D:7      | WHY
  1135 | D:7      | Became a worshipper of Cheibriados the Contemplative
  1342 | D:5      | Slain by a water moccasin zombie

Vault maps used:
D:1:      matt_arrival_spirals
D:3:      lemuel_crystal_altar, uniq_sigmund
D:4:      tso_metal_star, first_bread, uniq_edmund, uniq_natasha
D:5:      basic_altar, serial_shops, shop, gup_sewer_entry_spiral
D:6:      kiku_gazebo_pond_becter, eat_drink_and_be_merry_uskayaw,
          trog_butcher_becter, uniq_duvessa
D:7:      nicolae_overflow_hidden_temple, marbit_many_paths
D:8:      david_nohive_1

Skill      XL: |  1  2  3  4  5 |
---------------+----------------+-----
Long Blades    | 3 4 |  4.2
Armour         | 3 |  3.3
Fighting       | |  3.9
Dodging        | |  0.7
Shields        | |  2.4
Invocations    | |  0.7

Action                   |  1- 3 |  4- 6 || total
-------------------------+-------+-------++-------
Melee: Long sword        |    72 |   140 ||   212
 Abil: Spit Poison       |    23 |    12 ||    35
Evoke: Wand              |       |     4 ||     4
  Use: Scroll            |       |     6 ||     6
       Potion            |       |     1 ||     1
  Eat: Chunk             |       |     3 ||     3
Armor: Scale mail        |    48 |    23 ||    71
       Chain mail        |       |    89 ||    89
Dodge: Dodged            |    31 |    55 ||    86
Block: Other             |       |    11 ||    11
